 Dungeon Crawl Stone Soup version 0.32-a0-953-g508020473e (webtiles) character file.

Game seed: 3317921825498130169

63 elagabalus the Gusty (level 4, 0/39 HPs)
             Began as an Oni Air Elementalist on Apr 16, 2024.
             Slain by a cerulean imp
             ... wielding a +4 spear
             ... summoned by Natasha
              (2 damage)
             ... on level 2 of the Dungeon.
             The game lasted 00:12:18 (1334 turns).

elagabalus the Gusty (Oni Air Elementalist)         Turns: 1334, Time: 00:12:18

Health: 0/39       AC:  3    Str: 12    XL:     4   Next: 9%
Magic:  4/7        EV:  8    Int: 18    God:
Gold:   24         SH:  0    Dex:  9    Spells: 3/7 levels left

rFire   . . .        e - +1 short sword (venom)
rCold   . . .        (no shield)
rNeg    . . .        a - +0 robe
rPois   .            (helmet restricted)
rElec   .            (no cloak)
rCorr   .            (gloves unavailable)
SInv    .            (boots unavailable)
Will    .....        (no amulet)
Stlth   +            (no ring)
HPRegen 0.26/turn    (no ring)
MPRegen 0.10/turn

%: no passive effects
@: very slightly contaminated, slowed, very slow
A: large, unfitting armour, horns 1, tough skin 1, double potion healing,
drunken brawling
a: no special abilities


You were on level 2 of the Dungeon.
You visited 1 branch of the dungeon, and saw 2 of its levels.

You collected 68 gold pieces.
You spent 44 gold pieces at shops.

Inventory:

Hand Weapons
 e - a +1 short sword of venom (weapon)
Armour
 a - a +0 robe (worn)
Talismans
 d - a beast talisman
Scrolls
 f - a scroll of blinking {unknown}
Potions
 c - 2 potions of curing


   Skills:
 - Level 1.7 Dodging
 - Level 1.4 Stealth
 - Level 2.4 Spellcasting
 - Level 0.8 Conjurations
 * Level 4.4 Air Magic


You had 3 spell levels left.
You knew the following spells:

 Your Spells              Type           Power      Damage    Failure   Level
a - Shock                 Conj/Air       44%        1d5       6%          1
b - Swiftness             Air            18%        N/A       9%          3

Your spell library contained the following spells:

 Spells                   Type           Power      Damage    Failure   Level
 Static Discharge         Conj/Air       22%        3-4/arc   9%          2
 Mercury Vapours          Alch/Air       20%        N/A       11%         2
 Sting                    Conj/Alch      12%        1d3       14%         1
 Airstrike                Air            9%         2d(2-18)  28%         4
 Olgreb's Toxic Radiance  Alch           2%         N/A       86%         4


Dungeon Overview and Level Annotations

Branches:
Dungeon (2/15)

Altars:

Shops:
D:2 **

Annotations:
D:2 Natasha


Innate Abilities, Weirdness & Mutations

You are too large for most types of armour.
You have a pair of small horns on your head.
You have tough skin. (AC +1)
You gain doubled healing and magic from potions.
Whenever you drink a healing potion, you attack all around you.


Message History

The cerulean imp hits you from afar with a +1 spear.
The cerulean imp hits you but does no damage.
The cerulean imp attacks as it pursues you!
The cerulean imp closely misses you.
Natasha mumbles some strange words.
You feel disoriented.
Aiming: Shock (safe; 6% risk of failure)
Press: ? - help, Q - select action, (/) - cycle Shift-Dir - straight line, f - cerulean imp, p - cerulean imp
Aim: a cerulean imp, wielding a +0 spear (summoned, 52% to hit)
The zap hits the cerulean imp.
The cerulean imp completely resists.
The zap misses Natasha.
The zap hits the cerulean imp.
The cerulean imp completely resists.
The zap hits the cerulean imp.
The cerulean imp resists.
The cerulean imp is lightly wounded.
The cerulean imp hits you from afar with a +1 spear. x2
You take a swig of the potion and twirl your +1 short sword of venom.
You completely miss Natasha. Your headbutt misses Natasha.
Natasha is heavily wounded.
Magic courses through your body.
The cerulean imp disappears in a puff of smoke!
Natasha barely misses you.
The cerulean imp hits you from afar with a +4 spear!
* * * LOW HITPOINT WARNING * * *
Okay, then.
Casting: Shock (safe; 6% risk of failure)
Confirm with . or Enter, or press ? or * to list all spells.
You miscast Swiftness.
You are very lightly contaminated with residual magic.
Nothing appears to happen.
The cerulean imp hits you from afar with a +0 spear.
* * * LOW HITPOINT WARNING * * *
Natasha closely misses you. The cerulean imp closely misses you.
The cerulean imp hits you from afar with a +0 spear.
* * * LOW HITPOINT WARNING * * *
Natasha misses you.
Natasha stares at you and mumbles some strange words.
You feel as though you will be slow longer.
The cerulean imp hits you from afar with a +4 spear.
You die...

........# #.)..###...#'###....
........###..(.# #...#'# .## #
...............#........ . .
...#############################.
............................†....
.....#..#..#..#..#..#..#..#..#...
#................................
#....#..#..#..#..#5.#..#†.#..#...
#..............†@.h5.............
################################.
..... . ..... ..... ....... ...
..#...###... ..#.........
..#...(.....


You could see Natasha and 2 cerulean imps.

Vanquished Creatures
  2 gnolls (D:2)
  2 adders (D:2)
  An endoplasm (D:1)
  A giant cockroach (D:1)
  4 hobgoblins (D:1)
  A quokka (D:2)
  4 ball pythons
  A bat (D:2)
  A frilled lizard (D:1)
  3 goblins (D:1)
  4 kobolds
  4 rats
28 creatures vanquished.

Notes
Turn   | Place    | Note
-------+----------+-------------------------------------------
     0 | D:1      | elagabalus the Oni Air Elementalist began the quest for the
                  | Orb.
     0 | D:1      | Reached XP level 1. HP: 16/16 MP: 3/3
   174 | D:1      | Reached skill level 3 in Air Magic
   218 | D:1      | Reached XP level 2. HP: 24/24 MP: 1/5
   744 | D:1      | Found a faded altar of an unknown god.
   817 | D:2      | Reached XP level 3. HP: 26/31 MP: 2/6
   825 | D:2      | Learned a level 3 spell: Swiftness
  1076 | D:2      | Found Qyluth's Assorted Antiques.
  1081 | D:2      | Bought a scroll of identify for 44 gold pieces
  1157 | D:2      | Reached skill level 4 in Air Magic
  1176 | D:2      | Found Yhaxoesm's General Store.
  1269 | D:2      | Reached XP level 4. HP: 17/39 MP: 1/7
  1313 | D:2      | Noticed Natasha
  1334 | D:2      | Slain by a cerulean imp

Illustrated notes

Levels and vault maps discovered:
D:1:      amcnicky_arrival_flooded_fountain, layout_basic,
          hellmonk_ecumenical_altar_heavens_door, dk_noncrumbling_3,
          hangedman_decor_growths
D:2:      layout_basic, serial_shops, shop, nicolae_shop_back_alley_shop,
          columned_hall_lemuel, uniq_natasha

Skill      XL: |  1  2  3 |
---------------+----------+-----
Air Magic      | 3 4 |  4.4
Dodging        | |  1.7
Stealth        | |  1.4
Spellcasting   | |  2.4
Conjurations   | |  0.8

Action                     |  1- 3 |  4- 6 || total
---------------------------+-------+-------++-------
  Melee: Short sword       |    16 |       ||    16
         Headbutt          |     1 |       ||     1
   Cast: Shock             |    46 |     8 ||    54
    Use: Scroll            |     2 |       ||     2
         Potion            |       |     1 ||     1
   Stab: Sleeping          |     1 |       ||     1
 Armour: Robe              |    19 |    12 ||    31
  Dodge: Dodged            |    18 |     9 ||    27

Table legend: (Time is in decaauts)
 A = Elapsed time spent in this place.
 B = Non-inter-level travel time spent in this place.
 C = Inter-level travel time spent in this place.
 D = Time resting spent in this place.
 E = Time spent auto-exploring this place.
 F = Levels seen in this place.
 G = Mean time per level.
                   A        B        C        D        E       F      G
               +--------+--------+--------+--------+--------+-----+--------+
         Total |   1339 |   1339 |      0 |    100 |      0 |   2 |  669.5 |
       Dungeon |   1339 |   1339 |      0 |    100 |      0 |   2 |  669.5 |
               +--------+--------+--------+--------+--------+-----+--------+

Top non-repeatable levels by time:
     D:1: 763 daAuts
     D:2: 576 daAuts
